 Dungeon Crawl Stone Soup version 0.18-a0-1109-gfc003ac (webtiles) character file.

1027 4thArraOfDagon the Sneak (level 8, 0/62 HPs)
             Began as a Naga Enchanter on Jan 16, 2016.
             Was a Follower of Vehumet.
             Slain by an ice beast (7 damage)
             ... on level 7 of the Dungeon.
             The game lasted 00:14:17 (2173 turns).

4thArraOfDagon the Sneak (Naga Enchanter)           Turns: 2173, Time: 00:14:17

Health: 0/62       AC:  5    Str: 11    XL:     8   Next: 23%
Magic:  14/14      EV: 10    Int: 16    God:    Vehumet [*.....]
Gold:   229        SH:  0    Dex: 13    Spells: 4 memorised, 5 levels left

rFire  + . .     SeeInvis +     h - +2 dagger (freeze)
rCold  + . .     Gourm    .     A - +2 robe {rC+ rF+}
rNeg   + . .     Faith    .     (no shield)
rPois  +         Spirit   .     (no helmet)
rElec  .         Dismiss  .     (no cloak)
rCorr  .         Reflect  .     (no gloves)
SustAt .         Harm     .     (no barding)
MR     +....                    (no amulet)
Stlth  +++.......               u - ring of positive energy
                                r - ring of wizardry

@: very slow, somewhat resistant to hostile enchantments, fairly stealthy
A: see invisible, deformed body, poison resistance, slowness 2, slow metabolism
1, spit poison 2, AC +2
a: Spit Poison, Renounce Religion


You were on level 7 of the Dungeon.
You worshipped Vehumet.
Vehumet was aware of your devotion.
You were not hungry.

You visited 2 branches of the dungeon, and saw 8 of its levels.

You collected 229 gold pieces.

Inventory:

Hand Weapons
 h - a +2 dagger of freezing (weapon)
Missiles
 j - 2 javelins (quivered)
Armour
 A - a +2 robe of resistance (worn)
Magical Staves
 y - an uncursed staff of cold
Jewellery
 r - a ring of wizardry (left hand)
 u - a ring of positive energy (right hand)
Wands
 w - a wand of confusion (31/48)
 x - a wand of cold (4/15)
Scrolls
 a - a scroll of recharging {unknown}
 b - a scroll of brand weapon {unknown}
 e - a scroll of magic mapping {unknown}
 g - a scroll of fear
 i - 3 scrolls of teleportation
 m - a scroll of enchant armour {unknown}
 n - a scroll of amnesia {unknown}
 s - 3 scrolls of remove curse {unknown}
 z - a scroll of immolation {unknown}
Potions
 f - a potion of cancellation
Books
 c - a book of Maledictions

   Spells                             Type                      Level
   a - Corona                         Hexes                        1
   b - Ensorcelled Hibernation        Hexes/Ice                    2
   c - Confuse                        Hexes                        3
   d - Tukima's Dance                 Hexes                        3
   e - Dazzling Spray                 Conjuration/Hexes            3
 o - a book of Summonings

   Spells                             Type                      Level
   a - Recall                         Summoning/Translocation      3
   b - Aura of Abjuration             Summoning                    5
   c - Summon Demon                   Summoning                    5
   d - Summon Forest                  Summoning/Translocation      5
   e - Summon Mana Viper              Hexes/Summoning              5
   f - Shadow Creatures               Summoning                    6
 q - a book of Fire

   Spells                             Type                      Level
   a - Ignite Poison                  Fire/Transmutation/Poison    3
   b - Fireball                       Conjuration/Fire             5
   c - Bolt of Fire                   Conjuration/Fire             6
   d - Delayed Fireball               Conjuration/Fire             7
   e - Ring of Flames                 Charms/Fire                  7
Comestibles
 d - 3 bread rations
 k - 3 beef jerkies
 l - 2 fruits
 p - 6 chunks of flesh
 t - 2 meat rations


   Skills:
 - Level 3.5 Short Blades
 - Level 1.6 Dodging
 - Level 6.1 Stealth
 + Level 4.0 Spellcasting
 * Level 4.5 Conjurations
 - Level 3.0 Hexes
 * Level 3.7 Fire Magic
 - Level 3.1 Ice Magic


You had 5 spell levels left.
You knew the following spells:

 Your Spells              Type           Power        Failure   Level  Hunger
a - Corona                Hex            ##.....      2%          1    None
b - Ensorcelled Hibernat  Hex/Ice        ##....       4%          2    ##.....
c - Fireball              Conj/Fire      ###.......   52%         5    ######.
d - Delayed Fireball      Conj/Fire      N/A          100%        7    #######


Dungeon Overview and Level Annotations

Branches:
Dungeon (7/15)             Temple (1/1) D:6

Altars:
Elyvilon
Gozag
Kikubaaqudgha
Okawaru
Ru
Sif Muna
Vehumet
Xom
Yredelemnul
The Shining One

Shops:
D:6 [


Innate Abilities, Weirdness & Mutations

You cannot wear boots.
Your serpentine skin is tough (AC +2).
You have supernaturally acute eyesight.
Armour fits poorly on your strangely shaped body.
Your system is resistant to poisons.
You cover ground very slowly.
You have a slow metabolism.
You can spit poison.


Message History

The ice beast is almost dead.
You hit the ice beast but do no damage.
The ice beast is almost dead.
The ice beast hits you.
* * * LOW HITPOINT WARNING * * *
The ice beast freezes you. You resist.
* * * LOW HITPOINT WARNING * * *
Unknown command.
Drink which item? (? for menu, Esc to quit)
Okay, then.
Evoke which item? (* to show all) (? for menu, Esc to quit)
Zapping:
w - a wand of confusion {zapped: 8} (will waste charges)
Press: ? - help, Shift-Dir - straight line, f/p - ice beast
Aim: an ice beast (almost dead, chance to defeat MR: 46%)
The ice beast resists with some effort.
Evoking this partially-identified wand wasted a few charges.
The ice beast hits you.
* * * LOW HITPOINT WARNING * * *
The ice beast freezes you! You resist.
You die...

# ## .# .. .#
(.# .# ..#. .#
.. ..#.. ##
..#. #..#####
.#
..#..#....Y.#
.#
.z#..#....@.#
.# #..#####..#
.# ..
#..#......# .#
...#..#..=...#
.#
#..#..#..#####
)#
...#..#......#
<#
..#..#...)..#
## #..#####).#
.# #..#......#


You could see an ice beast.

Vanquished Creatures
  A hippogriff (D:4)
  3 ogres
  A centaur (D:7)
  A giant frog (D:6)
  A scorpion (D:6)
  2 killer bees (D:7)
  A hound (D:6)
  A giant frog zombie (D:5)
  4 orc wizards
  An iguana (D:7)
  A worker ant (D:7)
  4 gnolls (D:6)
  5 adders
  An adder zombie (D:6)
  10 orcs
  5 bats
  5 giant cockroaches
  A goblin (D:2)
  A hobgoblin (D:3)
  4 quokkas
  4 giant newts
  A kobold (D:2)
  3 rats
61 creatures vanquished.

Notes
Turn   | Place    | Note
--------------------------------------------------------------
     0 | D:1      | 4thArraOfDagon the Naga Enchanter began the quest for the Orb.
     0 | D:1      | Reached XP level 1. HP: 15/15 MP: 3/3
   270 | D:2      | Reached XP level 2. HP: 22/22 MP: 5/5
   343 | D:2      | Learned a level 2 spell: Ensorcelled Hibernation
   355 | D:2      | Reached skill level 5 in Stealth
   355 | D:2      | Reached XP level 3. HP: 17/28 MP: 6/6
   593 | D:3      | Reached XP level 4. HP: 27/36 MP: 7/7
   702 | D:4      | Noticed a hippogriff
   725 | D:4      | Killed a hippogriff
   725 | D:4      | Reached skill level 6 in Stealth
   725 | D:4      | Reached XP level 5. HP: 7/42 MP: 2/8
   762 | D:4      | Learned a level 5 spell: Fireball
   995 | D:5      | Entered Level 5 of the Dungeon
   998 | D:5      | Reached skill level 1 in Conjurations
   998 | D:5      | Reached XP level 6. HP: 49/49 MP: 9/9
  1044 | D:5      | Found an opulent altar of Gozag.
  1163 | D:7      | Noticed a hungry ghost
  1234 | D:6      | Found Upnaev's Armour Shop.
  1276 | D:6      | Found a staircase to the Ecumenical Temple.
  1287 | Temple   | Entered the Ecumenical Temple
  1341 | Temple   | Became a worshipper of Vehumet
  1458 | D:6      | Reached XP level 7. HP: 44/55 MP: 8/11
  1512 | D:6      | HP: 2/55 [poisoned by a scorpion]
  1518 | D:6      | HP: 2/55 [poisoned by a scorpion]
  1710 | D:6      | Reached skill level 1 in Fire Magic
  1744 | D:6      | Learned a level 7 spell: Delayed Fireball
  1938 | D:7      | Reached * piety under Vehumet
  1938 | D:7      | Offered knowledge of Flame Tongue by Vehumet.
  1986 | D:7      | Reached XP level 8. HP: 33/62 MP: 9/13
  2173 | D:7      | Slain by an ice beast

Vault maps used:
D:1:      lemuel_arrival_funnel, serial_forest, infiniplex_forest_straight_3,
          infiniplex_forest_lined_corner, infiniplex_forest_lined_3,
          infiniplex_forest_lined_room_2, infiniplex_forest_lined_3,
          infiniplex_forest_straight_3, infiniplex_forest_pool,
          infiniplex_forest_lined_3, nrook_mini_vaults
D:2:      uniq_terence, uniq_natasha
D:4:      mumra_celtic_spiral_tile
D:5:      old_standard_altar, first_bread
D:6:      grunt_pakellas_basics, minitemple, minmay_temple_entry_fiery,
          serial_shops, nicolae_shop_behind_doors, shop, minivault_5,
          minmay_statues_item
D:7:      kennysheep_windowed_halls, lightli_bailey_entry_fortress,
          uniq_menkaure
Temple:   chambers_temple_10

Action                   |  1- 3 |  4- 6 |  7- 9 || total
-------------------------+-------+-------+-------++-------
Melee: Dagger            |    41 |    22 |    68 ||   131
Throw: Javelin           |       |       |     1 ||     1
 Cast: Corona            |     1 |       |     1 ||     2
       Ensorcelled Hiber |     3 |     8 |    23 ||    34
 Abil: Spit Poison       |    18 |    12 |    12 ||    42
Evoke: Wand              |       |       |     4 ||     4
  Use: Potion            |       |     1 |     3 ||     4
       Scroll            |       |     1 |     4 ||     5
 Stab: Sleeping          |     5 |    12 |    12 ||    29
       Confused          |       |       |     2 ||     2
  Eat: Chunk             |       |     3 |     4 ||     7
       Fruit             |       |     1 |       ||     1
       Royal jelly       |       |       |     1 ||     1
